 Dungeon Crawl Stone Soup version 0.23-a0-164-g7711e57 (webtiles) character file.

19807 royalsmiley the Cleaver (level 12, -4/110 HPs)
             Began as a Deep Dwarf Fighter on Sept 9, 2018.
             Was a High Priest of Makhleb.
             Succumbed to an orc sorcerer's poison
             ... while paralysed by an orc sorcerer
             ... on level 2 of the Orcish Mines on Sept 10, 2018.
             The game lasted 01:36:10 (8465 turns).

royalsmiley the Cleaver (Deep Dwarf Fighter)        Turns: 8465, Time: 01:36:10

Health: -4/110     AC: 25    Str: 26    XL:     12   Next: 39%
Magic:  5/5        EV:  2    Int:  8    God:    Makhleb [*****.]
Gold:   1012       SH:  0    Dex: 15    Spells: 11/11 levels left

rFire    . . .     SeeInvis .   B - +7 war axe
rCold    . . .     Gourm    .   c - +5 shield
rNeg     . . .     Faith    .   r - +5 plate armour "Orphimi" {Dex+3 Slay+3}
rPois    .         Spirit   .   (no helmet)
rElec    .         Reflect  .   (no cloak)
rCorr    .         Harm     .   (no gloves)
MR       +....                  (no boots)
Stlth    ..........             (no amulet)
HPRegen  0.00/turn              i - +3 ring of protection
MPRegen  0.09/turn              F - +2 ring of protection

@: paralysed, lethally poisoned (-4 -> -56), non-regenerating, drained
A: damage resistance, heal wounds, sense surroundings 2, no regeneration
a: Heal Wounds, Minor Destruction, Lesser Servant of Makhleb, Major Destruction,
Greater Servant of Makhleb, Renounce Religion


You were on level 2 of the Orcish Mines.
You worshipped Makhleb.
Makhleb was extremely pleased with you.
You were very hungry.

You visited 3 branches of the dungeon, and saw 13 of its levels.
You also visited: Ossuary.

You collected 1132 gold pieces.
You spent 120 gold pieces at shops.

Inventory:

Hand Weapons
 a - a +3 battleaxe
 m - a +1 whip of venom
 v - a +3 hand axe of electrocution
 B - a +7 war axe (weapon)
Armour
 b - a +0 scale mail
 c - a +5 shield (worn)
 j - a +0 chain mail
 r - the +5 plate armour "Orphimi" (worn) {Dex+3 Slay+3}
   (You found it on level 5 of the Dungeon)

   It affects your dexterity (+3).
   It affects your accuracy and damage with ranged weapons and melee attacks
   (+3).
Jewellery
 i - a +3 ring of protection (left hand)
 n - an uncursed ring of positive energy
 o - an uncursed ring of protection from magic
 x - an uncursed ring of protection from magic
 F - a +2 ring of protection (right hand)
Wands
 y - a wand of digging (15)
Scrolls
 e - 6 scrolls of remove curse
 k - 6 scrolls of teleportation
 s - 2 scrolls of fear
 D - a scroll of amnesia
 I - a scroll of blinking
Potions
 d - 2 potions of might
 g - 3 potions of heal wounds
 l - 3 potions of curing
 p - 3 potions of brilliance
 q - 2 potions of agility
 u - 2 potions of magic
 w - a potion of invisibility {unknown}
 z - a potion of haste {unknown}
 A - a potion of flight
 H - a potion of cancellation
 J - a potion of lignification {unknown}
Miscellaneous
 G - a box of beasts
Comestibles
 f - 16 rations


   Skills:
 + Level 7.9(7.4) Fighting
 + Level 13.1(12.7) Axes
 - Level 4.5(8.6) Maces & Flails
 * Level 11.9(11.2) Armour
 - Level 0.2(0.0) Dodging
 + Level 10.6(10.0) Shields


You had 11 spell levels left.
You didn't know any spells.
Your spell library contained the following spells:

 Spells                   Type           Power        Failure   Level  Hunger
 Animate Skeleton         Necr           N/A          100%        1    ##.....
 Apportation              Tloc           #.....       100%        1    ##.....
 Confusing Touch          Hex            #.....       100%        1    ##.....
 Shock                    Conj/Air       #...         100%        1    ##.....
 Summon Small Mammal      Summ           #...         100%        1    ##.....
 Swiftness                Chrm/Air       #.......     100%        2    ###....
 Static Discharge         Conj/Air       #.......     100%        3    ####...
 Airstrike                Air            #.........   100%        4    #####..
 Irradiate                Conj/Tmut      #.........   100%        5    ######.
 Lightning Bolt           Conj/Air       #.........   100%        5    ######.
 Hydra Form               Tmut           #.........   100%        6    #######
 Statue Form              Tmut/Erth      #........    100%        6    #######
 Dragon Form              Tmut           #.........   100%        7    #######


Dungeon Overview and Level Annotations

Branches:
Dungeon (10/15)            Temple (1/1) D:7            Lair (0/6) D:8
    Orc (2/2) D:10
    Elf: Orc:2

Altars:
Ashenzari
Cheibriados
Dithmenos
Elyvilon
Fedhas
Gozag
Hepliaklqana
Kikubaaqudgha
Makhleb
Nemelex Xobeh
Okawaru
Qazlal
Ru
Sif Muna
Trog
Uskayaw
Vehumet
Wu Jian
Xom
Yredelemnul
Zin
The Shining One
Beogh

Shops:
D:8 (   Orc:2 !(


Innate Abilities, Weirdness & Mutations

You are resistant to damage.
You can heal yourself by infusing magical energy.
You passively map the area around you.
You do not regenerate.


Message History

You feel very sick.
The orc warrior hits you but does no damage.
You are more poisoned.
The ice devil hits you but does no damage.
The orc sorcerer hits you but does no damage.
The orc warrior hits you but does no damage.
The orc warlord hits you but does no damage.
You are more poisoned.
The orc warrior hits you with a war axe.
* * * LOW HITPOINT WARNING * * *
* * * LOW HITPOINT WARNING * * *
You feel very sick.
The ice devil hits you but does no damage.
The orc warrior hits you but does no damage.
You are more poisoned.
The orc sorcerer hits you but does no damage.
You are more poisoned.
The orc warrior hits you from afar with a halberd!!
* * * LOW HITPOINT WARNING * * *
You die...

, ,, ,,, , , ##
,.........,*##### ** #
...........# ...# , #
........... ...#, ,# **,
* # ..........####...#
.#*∩* * #
..........#.8##'###'##8
........8.'......ooo...
,*
........$[)...4oo8o.... #
........8)))...@o.o3...
,* #.
,......))))#.8##o###'##8
**,** #.
......).).####...# , ∩
,.. ......)))..# #...# ,
* * ...
...........###...#, , ,
,##..
............##########.
*#.
.......................
*.#.
....................#.# *
* <.
.........)...............
*#.


You could see an orc warlord, an ice devil, a smoke demon, 2 orc sorcerers, 4
orc warriors and 2 orcs.

Vanquished Creatures
  An orc warlord (Orc:2)
  3 two-headed ogres
  3 orc high priests (Orc:2)
  An unseen horror (D:10)
  Pikel (D:8)
  6 orc sorcerers (Orc:2)
  An orc knight (Orc:2)
  A cyclops (D:9)
  A deep elf mage (D:8)
  2 komodo dragons (D:8)
  5 trolls
  3 yaks (D:9)
  2 wyverns (D:8)
  4 wargs
  A swamp drake (D:8)
  2 sky beasts
  10 ice beasts
  22 orc warriors
  A slave (D:8)
  2 phantoms
  10 ogres
  3 necrophages
  2 centaurs
  A crocodile (D:8)
  A big kobold (D:9)
  4 elf zombies (Ossuary)
  2 bullfrogs
  A gnoll sergeant (D:8)
  A water moccasin zombie (D:8)
  A scorpion (D:7)
  13 wights
  A howler monkey (D:5)
  2 crimson imps
  2 bullfrog zombies
  4 hounds
  10 orc priests
  2 bullfrog skeletons (D:10)
  3 human zombies
  17 orc wizards
  A gnoll shaman (D:9)
  Terence (D:2)
  Natasha (twice) (D:2)
  2 iguanas
  A worker ant (D:4)
  A big kobold zombie (Ossuary)
  A hound zombie (D:7)
  2 hound skeletons
  3 mummies (Ossuary)
  11 gnolls
  9 adders
  4 shadow imps
  An ooze (D:3)
  7 adder zombies (Ossuary)
  An adder skeleton (D:6)
  3 worms
  6 leopard geckos
  68 orcs
  4 giant cockroaches
  A gnoll zombie (Ossuary)
  5 goblins
  11 hobgoblins
  4 jackals (D:9)
  8 quokkas
  3 ball pythons
  8 bats
  3 frilled lizards
  A goblin zombie (Ossuary)
  4 hobgoblin zombies (Ossuary)
  A jackal zombie (Ossuary)
  11 kobolds
  4 kobold zombies (Ossuary)
  A quokka zombie (Ossuary)
  11 rats
  3 rat zombies (Ossuary)
359 creatures vanquished.

Vanquished Creatures (others)
  A centaur (D:8)
  A crimson imp (D:8)
  2 orc wizards (Orc:2)
  An orc (Orc:2)
5 creatures vanquished.

Grand Total: 364 creatures vanquished

Notes
Turn   | Place    | Note
-------+----------+-------------------------------------------
     0 | D:1      | royalsmiley the Deep Dwarf Fighter began the quest for the
                  | Orb.
     0 | D:1      | Reached XP level 1. HP: 20/20 MP: 1/1
   279 | D:1      | Reached XP level 2. HP: 25/27 MP: 2/2
   616 | D:1      | Reached XP level 3. HP: 27/33 MP: 3/3
  1091 | D:2      | Noticed Terence
  1484 | D:2      | Reached XP level 4. HP: 36/42 MP: 3/3
  1504 | D:2      | Killed Terence
  1504 | D:2      | Reached skill level 1 in Maces & Flails
  1541 | D:2      | Noticed Natasha
  1555 | D:2      | Killed Natasha
  1638 | D:2      | Found a blossoming altar of Fedhas.
  1650 | D:2      | Reached XP level 5. HP: 30/49 MP: 3/3
  1705 | D:2      | Noticed Natasha
  1715 | D:2      | Killed Natasha
  2101 | D:3      | Reached skill level 5 in Armour
  2251 | D:3      | Noticed an ogre
  2265 | D:3      | Killed an ogre
  2265 | D:3      | Reached XP level 6. HP: 22/56 MP: 4/4
  2958 | D:5      | Entered Level 5 of the Dungeon
  3266 | D:5      | Got a smoking plate armour
  3267 | D:5      | Identified the +5 plate armour "Orphimi" {Dex+3 Slay+3}
                  | (You found it on level 5 of the Dungeon)
  3341 | D:5      | Reached XP level 7. HP: 62/63 MP: 5/5
  3853 | D:6      | Reached skill level 5 in Shields
  3912 | D:6      | Found a hazy altar of Hepliaklqana.
  3924 | D:6      | Found a snail-covered altar of Cheibriados.
  3928 | D:6      | Found a shadowy altar of Dithmenos.
  4183 | D:6      | Reached skill level 3 in Axes
  4183 | D:6      | Reached XP level 8. HP: 57/72 MP: 6/6
  4317 | D:6      | Found a deep blue altar of Sif Muna.
  4536 | D:7      | Found a staircase to the Ecumenical Temple.
  4546 | Temple   | Entered the Ecumenical Temple
  4558 | Temple   | Became a worshipper of Makhleb the Destroyer
  4981 | D:7      | Reached skill level 4 in Axes
  5259 | D:8      | Found Ibypsou's Antique Weapon Boutique.
  5273 | D:8      | Reached skill level 5 in Axes
  5429 | D:8      | Gained mutation: You passively map the area around you.
                  | [Deep Dwarf growth]
  5429 | D:8      | Reached XP level 9. HP: 41/79 MP: 7/7
  5437 | D:8      | Reached skill level 6 in Axes
  5440 | D:8      | Found a sand-covered staircase.
  5450 | Ossuary  | Entered an ossuary
  5463 | Ossuary  | Reached * piety under Makhleb
  5707 | Ossuary  | Reached ** piety under Makhleb
  5795 | D:8      | Noticed Pikel
  5833 | D:8      | Killed Pikel
  5833 | D:8      | Reached skill level 5 in Fighting
  5833 | D:8      | Reached skill level 7 in Axes
  5883 | D:8      | Noticed a two-headed ogre
  5900 | D:8      | Killed a two-headed ogre
  5900 | D:8      | Reached skill level 8 in Axes
  5921 | D:8      | Found an ornate altar of the Wu Jian Council.
  6004 | D:8      | Reached XP level 10. HP: 55/88 MP: 7/7
  6064 | D:8      | Reached skill level 9 in Axes
  6088 | D:8      | Found a staircase to the Lair.
  6522 | D:8      | Noticed a deep elf mage
  6529 | D:8      | Killed a deep elf mage
  6802 | D:9      | Noticed a cyclops
  6822 | D:9      | Killed a cyclops
  6822 | D:9      | Reached skill level 10 in Axes
  7303 | D:10     | Entered Level 10 of the Dungeon
  7303 | D:10     | Found a staircase to the Orcish Mines.
  7314 | D:10     | Reached skill level 10 in Armour
  7326 | D:10     | Reached *** piety under Makhleb
  7404 | D:10     | Killed an unseen horror
  7404 | D:10     | Reached XP level 11. HP: 78/99 MP: 5/5
  7414 | Orc:1    | Entered Level 1 of the Orcish Mines
  7574 | Orc:2    | Entered Level 2 of the Orcish Mines
  7574 | Orc:2    | Noticed a two-headed ogre
  7584 | Orc:2    | Killed a two-headed ogre
  7584 | Orc:2    | Reached skill level 11 in Axes
  7621 | Orc:2    | Noticed an orc sorcerer
  7637 | Orc:2    | Killed an orc sorcerer
  7691 | Orc:2    | Found a roughly hewn altar of Beogh.
  7922 | Orc:2    | Reached **** piety under Makhleb
  7927 | Orc:2    | Found a roughly hewn altar of Beogh.
  7933 | Orc:2    | Noticed an orc sorcerer
  7941 | Orc:2    | Killed an orc sorcerer
  7946 | Orc:2    | Found Ileittoc's Weapon Shop.
  8041 | Orc:2    | Noticed an orc high priest
  8071 | Orc:2    | Killed an orc high priest
  8169 | Orc:2    | Noticed an orc sorcerer
  8175 | Orc:2    | Paralysed by an orc sorcerer for 4 turns
  8186 | Orc:2    | Killed an orc sorcerer
  8196 | Orc:2    | Noticed an orc sorcerer
  8201 | Orc:2    | Killed an orc sorcerer
  8201 | Orc:2    | Reached skill level 12 in Axes
  8207 | Orc:2    | Found a roughly hewn altar of Beogh.
  8215 | Orc:2    | Found Reothy's Distillery.
  8222 | Orc:2    | Bought a potion of heal wounds for 75 gold pieces
  8222 | Orc:2    | Bought a potion of curing for 45 gold pieces
  8235 | Orc:2    | Noticed an orc sorcerer
  8239 | Orc:2    | Paralysed by an orc sorcerer for 4 turns
  8250 | Orc:2    | Noticed a sixfirhy
  8251 | Orc:2    | Killed an orc sorcerer
  8313 | Orc:2    | Noticed a two-headed ogre
  8323 | Orc:2    | Killed a two-headed ogre
  8343 | Orc:2    | Noticed an orc high priest
  8346 | Orc:2    | Noticed an orc high priest
  8347 | Orc:2    | Noticed a sixfirhy
  8351 | Orc:2    | Noticed an orc warlord
  8356 | Orc:2    | Reached skill level 10 in Shields
  8356 | Orc:2    | Reached ***** piety under Makhleb
  8360 | Orc:2    | Killed an orc high priest
  8360 | Orc:2    | Reached XP level 12. HP: 87/109 MP: 6/6
  8368 | Orc:2    | Killed an orc high priest
  8423 | Orc:2    | Killed an orc warlord
  8423 | Orc:2    | Reached skill level 13 in Axes
  8453 | Orc:2    | Noticed an orc warlord
  8460 | Orc:2    | Paralysed by an orc sorcerer for 5 turns
  8464 | Orc:2    | HP: 1/110 [orc warrior/halberd[an orc warlord] (15)]
  8465 | Orc:2    | Succumbed to an orc sorcerer's poison

Vault maps used:
D:1:      dpeg_arrival_erosion, minmay_statues_item, minmay_strange_pillars
D:2:      fedhas_altar_2, uniq_natasha, uniq_terence
D:4:      first_ration
D:6:      grunt_temple_overflow_open, basic_altar, st_stairs_5
D:7:      minmay_temple_entry_statues_pillars
D:8:      kennysheep_mini, erik_lair_dragon, enter_ossuary_3, serial_shops,
          nicolae_shop_stone, guppyfry_early_elven_hall, uniq_pikel
D:10:     orc_0_dummy, serial_glass, glass_columns_a, glass_columns_a,
          glass_columns_b, minmay_strange_pillars, unseen_surprise_small,
          serial_shops, shop, hangedman_ranch, st_stairs_5, trog_ov_bears_minmay
Temple:   nicolae_temple_no_exploring_needed
Orc:1:    serial_shops, shop, shop, nicolae_shop_competitors_out_of_business
Orc:2:    grunt_orc_community_town_hall, grunt_orc_community_big_house_2,
          grunt_orc_community_big_house_2, grunt_orc_community_house_1,
          grunt_orc_community_house_2, grunt_orc_community_house_3,
          grunt_orc_community_house_2, grunt_orc_community_house_2,
          grunt_orc_community_house_1, portal_ice_cave_entry_ice_beasts,
          nicolae_orc_lost_temple
Ossuary:  minmay_ossuary_two_tombs

Skill      XL: |  1  2  3  4  5  6  7  8  9 10 11 12 |
---------------+-------------------------------------+-----
Armour         | 4 5 6 7 8 10 11 | 11.9
Fighting       | 3 4 5 6 7 |  7.9
Maces & Flails | 1 3 4 |  4.5
Shields        | 4 5 6 8 9 10 | 10.6
Axes           | 3 5 8 10 12 13 | 13.1
Dodging        | |  0.2

Action                   |  1- 3 |  4- 6 |  7- 9 | 10-12 || total
-------------------------+-------+-------+-------+-------++-------
Melee: War axe           |    83 |       |   186 |   471 ||   740
       Whip              |    52 |   176 |    54 |       ||   282
       Hand axe          |       |       |    72 |       ||    72
 Abil: Heal Wounds       |     3 |     5 |     3 |    23 ||    34
Evoke: Box of beasts     |       |       |       |     1 ||     1
  Use: Scroll            |     7 |     9 |     7 |     8 ||    31
       Potion            |     2 |       |       |     5 ||     7
  Eat: Chunk             |     2 |     5 |     4 |     7 ||    18
       Ration            |       |       |     2 |       ||     2
Armor: Scale mail        |    62 |    19 |       |       ||    81
       Chain mail        |       |    34 |       |       ||    34
       Plate armour      |       |     6 |   128 |   251 ||   385
Dodge: Dodged            |    52 |    31 |    42 |   119 ||   244
Block: Shield            |    71 |    89 |   191 |   499 ||   850

Table legend:
 A = Non-vault XP
 B = Vault XP
 C = Vault XP percentage of total XP
 D = Non-vault monster count
 E = Vault monster count
 F = Vault count percentage of total count
                 A         B        C        D         E       F
            +---------+---------+-------+---------+---------+-------
      Total |   19002 |    9295 |  32.8 |     259 |     100 |  27.9
            +---------+---------+-------+---------+---------+-------
        D:1 |      62 |       0 |   0.0 |      29 |       0 |   0.0
        D:2 |     150 |      73 |  32.7 |      28 |       2 |   6.7
        D:3 |     216 |       0 |   0.0 |      15 |       0 |   0.0
        D:4 |     155 |       0 |   0.0 |       4 |       0 |   0.0
        D:5 |     307 |       0 |   0.0 |       6 |       0 |   0.0
        D:6 |     552 |      47 |   7.8 |      19 |       2 |   9.5
        D:7 |     736 |       0 |   0.0 |      14 |       0 |   0.0
        D:8 |    2375 |    2178 |  47.8 |      23 |       8 |  25.8
        D:9 |    2908 |       0 |   0.0 |      40 |       0 |   0.0
       D:10 |     977 |       0 |   0.0 |      10 |       0 |   0.0
      Orc:1 |     488 |       0 |   0.0 |       9 |       0 |   0.0
      Orc:2 |   10076 |    6392 |  38.8 |      62 |      56 |  47.5
    Ossuary |       0 |     605 | 100.0 |       0 |      32 | 100.0
            +---------+---------+-------+---------+---------+-------
